 Dungeon Crawl Stone Soup version 0.28-a0-674-gdaf460b524 (webtiles) character file.

Game seed: 8091840410448921659

2593 Shevek the Thrower (level 9, 0/81 HPs)
             Began as a Troll Hunter on Oct 17, 2021.
             Was a Believer of Okawaru.
             Slain by an unseen horror (9 damage)
             ... on level 6 of the Dungeon.
             The game lasted 01:11:06 (6871 turns).

Shevek the Thrower (Troll Hunter)                   Turns: 6871, Time: 01:11:07

Health: 0/81       AC:  5    Str: 24    XL:     9   Next: 33%
Magic:  8/8        EV: 14    Int: 13    God:    Okawaru [**....]
Gold:   279        SH:  0    Dex: 11    Spells: 7/8 levels left

rFire   . . .      SeeInvis .     - Unarmed
rCold   . . .      Faith    .   (no shield)
rNeg    . . .      Spirit   .   b - +1 robe
rPois   .          Reflect  .   (helmet restricted)
rElec   .          Harm     .   (no cloak)
rCorr   .          Rampage  .   (gloves unavailable)
Will    .....                   (boots unavailable)
Stlth   ++........              k - amulet of magic regeneration
HPRegen 1.23/turn               C - +4 ring of evasion
MPRegen 0.36/turn               f - +6 ring of intelligence

@: no status effects
A: large, unfitting armour, claws 3, regeneration 1, shaggy fur 1, tough skin 1
a: Renounce Religion, Heroism


You were on level 6 of the Dungeon.
You worshipped Okawaru.
Okawaru was pleased with you.
You visited 1 branch of the dungeon, and saw 7 of its levels.

You collected 379 gold pieces.
You spent 100 gold pieces at shops.

Inventory:

Hand Weapons
 a - a +0 short sword
 r - a +0 giant club
 y - a +3 vorpal flail
Missiles
 c - 2 large rocks
 e - 184 stones (quivered)
 m - 80 poisoned darts
 z - a throwing net
 D - 5 atropa-tipped darts
Armour
 b - a +1 robe (worn)
Jewellery
 f - a +6 ring of intelligence (right claw)
 k - an amulet of magic regeneration (around neck)
 p - a ring of fire
 C - a +4 ring of evasion (left claw)
Wands
 d - a wand of iceblast (7)
 n - a wand of flame (9)
 v - a wand of mindburst (11)
 A - a wand of polymorph (13)
Scrolls
 g - 3 scrolls of teleportation {unknown}
 j - 2 scrolls of enchant armour
 s - a scroll of silence {unknown}
 t - 3 scrolls of vulnerability {unknown}
 w - 3 scrolls of amnesia {unknown}
 B - 3 scrolls of fear {unknown}
 E - a scroll of holy word {unknown}
 F - a scroll of enchant weapon {unknown}
Potions
 h - a potion of ambrosia {unknown}
 i - a potion of degeneration {unknown}
 l - 2 potions of curing
 o - 2 potions of lignification {unknown}
 u - a potion of invisibility {unknown}
 x - 2 potions of might {unknown}


   Skills:
 + Level 3.0 Fighting
 + Level 1.1 Maces & Flails
 + Level 8.2 Throwing
 + Level 4.1 Dodging
 + Level 1.8 Stealth
 + Level 7.0 Unarmed Combat
 + Level 0.4 Spellcasting
 + Level 1.0 Necromancy


You had 7 spell levels left.
You knew the following spells:

 Your Spells              Type           Power      Damage    Failure   Level
a - Animate Skeleton      Necr           4%         N/A       21%         1

Your spell library contained the following spells:

 Spells                   Type           Power      Damage    Failure   Level
 Gell's Gravitas          Tloc           0%         N/A       65%         3
 Stone Arrow              Conj/Erth      0%         3d7       65%         3
 Teleport Other           Tloc           0%         N/A       65%         3
 Dispersal                Tloc           0%         N/A       100%        6
 Lehudib's Crystal Spear  Conj/Erth      0%         10d2      100%        8
 Animate Armour           Summ/Erth      Unusable   N/A       N/A         4

Dungeon Overview and Level Annotations

Branches:
Dungeon (7/15)             Temple (0/1) D:5

Altars:
Ashenzari
Cheibriados
Dithmenos
Kikubaaqudgha
Makhleb
Okawaru
Qazlal
Ru
Sif Muna
Uskayaw
Vehumet
Xom
The Shining One

Shops:
D:4 !

Annotations:
D:6 1 runed translucent door, Crazy Yiuf


Innate Abilities, Weirdness & Mutations

You are too large for most types of armour.
You have claws for hands.
Your natural rate of healing is unusually fast.
You are covered in fur. (AC +1)
You have tough skin. (AC +1)


Message History

Reactivating autopickup.
You feel sick.
You feel better. Something completely misses you. The bullfrog hits you.
* * * LOW HITPOINT WARNING * * *
The orc hits you with a +0 club.
* * * LOW HITPOINT WARNING * * *
The bullfrog closely misses you.
You feel better. Something hits you!
* * * LOW HITPOINT WARNING * * *
Deactivating autopickup; reactivate with Ctrl-A.
The bullfrog hits you but does no damage.
The orc misses you.
You miss something. Something hits you.
* * * LOW HITPOINT WARNING * * *
The bullfrog hits you but does no damage.
The orc hits you with a +0 club.
* * * LOW HITPOINT WARNING * * *
The bullfrog hits you but does no damage.
You closely miss the orc. Something hits you but does no damage.
The bullfrog misses you. The orc barely misses you.
You barely miss the orc. Something hits you.
* * * LOW HITPOINT WARNING * * *
The bullfrog hits you.
* * * LOW HITPOINT WARNING * * *
The orc closely misses you.
You claw the orc!
You kill the orc!
The bullfrog misses you. Something hits you.
* * * LOW HITPOINT WARNING * * *
Your Unarmed Combat skill increases to level 7!
You scratch the bullfrog.
The bullfrog is lightly wounded.
Something completely misses you.
The bullfrog hits you but does no damage.
The bullfrog completely misses you.
You mangle the bullfrog!!
You kill the bullfrog!
Okawaru accepts your kill. Something hits you!
You die...

#.........####.# ##............
#........###.#.# ##...##.##.....
........#'...#.# ##..#..#.#..#...
..#'#...#.[.[#.# #...##.....##..#
###.##..#...##.# #......._.......
.#...##.#...##.###...##.....##...
[.....#.#.####.#.....#..#.#..#...
#######.######.†.).#...##.##...##
................@####.........##
##..####..###..### ###.......#
#.......###..## #####...#
#............# #...#
######......## ##...# ##
#.......# #...## # .# #.......#
#..## # .# ##...)..## ##..# # .#
##..<....# #..## #


There were no monsters in sight!

Vanquished Creatures
  Sigmund (D:5)
  A shadow (D:5)
  A wyvern (D:7)
  A steam dragon (D:6)
  Eustachio (D:5)
  Edmund (D:5)
  A water moccasin (D:7)
  2 necrophages
  An ice beast (D:6)
  3 ogres
  2 bullfrogs
  5 wights (D:6)
  A howler monkey (D:6)
  A bullfrog zombie (D:3)
  2 jellies
  2 bullfrog skeletons
  3 hounds
  An orc priest (D:5)
  Natasha (thrice) (D:3)
  Ijyb (D:3)
  2 iguanas
  5 orc wizards
  2 killer bee zombies (D:7)
  A hound zombie (D:5)
  5 gnolls (D:6)
  4 river rats (D:3)
  4 adders
  2 shadow imps (D:5)
  An adder skeleton (D:3)
  3 worms
  3 dart slugs
  7 orcs
  4 bats (D:1)
  2 endoplasms
  3 giant cockroaches
  7 goblins
  6 hobgoblins
  3 jackals (D:4)
  7 kobolds
  2 quokkas
  8 ball pythons
  2 frilled lizards
  3 rats
120 creatures vanquished.

Notes
Turn   | Place    | Note
-------+----------+-------------------------------------------
     0 | D:1      | Shevek the Troll Hunter began the quest for the Orb.
     0 | D:1      | Reached XP level 1. HP: 19/19 MP: 0/0
   138 | D:1      | Reached XP level 2. HP: 26/27 MP: 1/1
   139 | D:1      | Reached skill level 4 in Throwing
   777 | D:2      | You fall into a shaft and drop 1 floor!
   782 | D:3      | Found an ancient bone altar of Kikubaaqudgha.
   787 | D:3      | Reached XP level 3. HP: 24/35 MP: 2/2
   816 | D:3      | Reached XP level 4. HP: 13/42 MP: 3/3
   845 | D:3      | Got Kikubaaqudgha's Incunabulum of Dark Arts
   853 | D:3      | Found a radiant altar of Vehumet.
   938 | D:3      | Found a shimmering blue altar of Sif Muna.
   970 | D:3      | Reached skill level 5 in Throwing
   970 | D:3      | Reached skill level 1 in Unarmed Combat
  1062 | D:2      | Found a sacrificial altar of Ru.
  1098 | D:2      | Found a faded altar of an unknown god.
  1721 | D:3      | Reached XP level 5. HP: 49/49 MP: 4/4
  1763 | D:3      | Learned a level 1 spell: Animate Skeleton
  2085 | D:3      | Noticed Natasha
  2100 | D:3      | Killed Natasha
  2339 | D:3      | Noticed Natasha
  2348 | D:3      | Killed Natasha
  2349 | D:3      | Reached XP level 6. HP: 52/57 MP: 5/5
  2383 | D:3      | Noticed Ijyb
  2391 | D:3      | Killed Ijyb
  2529 | D:3      | Noticed Natasha
  2540 | D:3      | Killed Natasha
  2576 | D:4      | Reached skill level 1 in Stealth
  2690 | D:4      | Found a shadowy altar of Dithmenos.
  2849 | D:4      | Found Cotev's Distillery.
  2852 | D:4      | Bought 2 potions of heal wounds for 100 gold pieces
  2855 | D:4      | Upgraded the game from 0.28-a0-664-gc179e30c89 to
                  | 0.28-a0-674-gdaf460b524
  3096 | D:4      | Found a stormy altar of Qazlal.
  3101 | D:4      | Found a glowing golden altar of the Shining One.
  3303 | D:4      | Found an iron altar of Okawaru.
  3311 | D:4      | Became a worshipper of Warmaster Okawaru
  3448 | D:4      | Reached XP level 7. HP: 65/65 MP: 6/6
  3865 | D:5      | Entered Level 5 of the Dungeon
  3955 | D:5      | Reached skill level 6 in Throwing
  4047 | D:5      | Found a staircase to the Ecumenical Temple.
  4132 | D:5      | Noticed Sigmund
  4133 | D:5      | Killed Sigmund
  4199 | D:5      | Reached * piety under Okawaru
  4237 | D:5      | Noticed Eustachio
  4241 | D:5      | Killed Eustachio
  4309 | D:5      | Noticed a shadow
  4317 | D:5      | Killed a shadow
  4318 | D:5      | Reached XP level 8. HP: 74/74 MP: 7/7
  4427 | D:5      | Noticed Edmund
  4429 | D:5      | Killed Edmund
  4430 | D:5      | Reached skill level 1 in Maces & Flails
  4430 | D:5      | Reached skill level 5 in Unarmed Combat
  4645 | D:5      | Reached skill level 1 in Necromancy
  4703 | D:5      | Reached ** piety under Okawaru
  4704 | D:5      | Reached skill level 7 in Throwing
  5071 | D:6      | Found a sacrificial altar of Ru.
  5386 | D:6      | Found a shimmering altar of Xom.
  5448 | D:6      | Found a snail-covered altar of Cheibriados.
  5465 | D:6      | Found a hide-covered altar of Uskayaw.
  5469 | D:6      | Found a broken altar of Ashenzari.
  5816 | D:6      | Reached XP level 9. HP: 69/80 MP: 8/8
  6057 | D:6      | Found a runed translucent door.
  6058 | D:6      | Noticed Crazy Yiuf
  6782 | D:7      | Reached skill level 8 in Throwing
  6809 | D:7      | Found a burning altar of Makhleb.
  6871 | D:6      | Slain by an unseen horror

Illustrated notes

Levels and vault maps discovered:
D:1:      elethiomel_arrival_shortcut, layout_basic, minivault_5,
          minmay_misc_feat_chi
D:2:      layout_loops_ring, ebering_ecumenical_altar_webs, basic_altar
D:3:      layout_loops_cross, palyth_temple_overflow_mages,
          portal_sewer_entry_e, uniq_natasha, uniq_ijyb
D:4:      layout_cave_pods, mainiacjoe_overflow_big_doors,
          okawaru_ov_weapons_minmay, grunt_dithmenos_smoke, serial_shops,
          kennysheep_mini_moat
D:5:      layout_loops_corners, minmay_temple_entry_arrows, eino_tiny_chamber,
          uniq_edmund, uniq_eustachio, uniq_sigmund
D:6:      layout_layer_cave, mainiacjoe_overflow_24_doors,
          mainiacjoe_overflow_small_starburst,
          chequers_temple_overflow_statue_of_worship, abandoned_shop,
          minmay_pentangle, uniq_crazy_yiuf_cottage
D:7:      layout_cave_pools, mainiacjoe_overflow_catwalk

Skill      XL: |  1  2  3  4  5  6  7  8  9 |
---------------+----------------------------+-----
Throwing       | 4 5 6 7 8 |  8.2
Dodging        | 2 3 4 |  4.1
Unarmed Combat | 1 2 3 4 6 7 |  7.0
Fighting       | 2 3 |  3.0
Stealth        | 1 |  1.8
Maces & Flails | 1 |  1.1
Necromancy     | 1 |  1.0
Spellcasting   | |  0.4

Action                   |  1- 3 |  4- 6 |  7- 9 || total
-------------------------+-------+-------+-------++-------
Melee: Unarmed           |    46 |   164 |   137 ||   347
       Giant club        |       |       |    11 ||    11
       Punch             |       |       |     2 ||     2
Throw: Large rock        |    22 |    19 |    14 ||    55
       Stone             |       |    90 |   121 ||   211
       Throwing net      |       |     2 |       ||     2
       Dart              |       |     1 |       ||     1
 Cast: Animate Skeleton  |       |     1 |       ||     1
  Use: Scroll            |       |     3 |       ||     3
       Potion            |       |     2 |     6 ||     8
Armor: Robe              |    17 |    32 |    58 ||   107
Dodge: Dodged            |    14 |    46 |   125 ||   185

Table legend: (Time is in decaauts)
 A = Elapsed time spent in this place.
 B = Non-inter-level travel time spent in this place.
 C = Inter-level travel time spent in this place.
 D = Time resting spent in this place.
 E = Time spent auto-exploring this place.
 F = Levels seen in this place.
 G = Mean time per level.
                   A        B        C        D        E       F      G
               +--------+--------+--------+--------+--------+-----+--------+
         Total |   6870 |   6599 |    271 |    202 |   3196 |   7 |  981.4 |
       Dungeon |   6870 |   6599 |    271 |    202 |   3196 |   7 |  981.4 |
               +--------+--------+--------+--------+--------+-----+--------+

Top non-repeatable levels by time:
     D:6: 1675 daAuts
     D:4: 1289 daAuts
     D:5: 1162 daAuts
     D:3: 1150 daAuts
     D:1: 749 daAuts
     D:2: 705 daAuts
     D:7: 137 daAuts
